 Dungeon Crawl Stone Soup version 0.25-a0-86-ga6f17ae7d4 (webtiles) character file.

Game seed: 15242293769222128601, levelgen mode: deterministic

28 D1HalberdGnoll the Poker (level 3, 0/28 HPs)
             Began as a Merfolk Skald on Nov 9, 2019.
             Slain by a worm (3 damage)
             ... on level 2 of the Dungeon.
             The game lasted 00:00:57 (544 turns).

D1HalberdGnoll the Poker (Merfolk Skald)             Turns: 544, Time: 00:00:57

Health: 0/28       AC:  3    Str: 12    XL:     3   Next: 14%
Magic:  0/6        EV: 13    Int: 12    God:
Gold:   18         SH:  0    Dex: 13    Spells: 5/6 levels left

rFire    . . .     SeeInvis .   a - +0 spear
rCold    . . .     Gourm    .   (no shield)
rNeg     . . .     Faith    .   b - +0 leather armour
rPois    .         Spirit   .   (no helmet)
rElec    .         Reflect  .   (no cloak)
rCorr    .         Harm     .   (no gloves)
MR       .....                  (no boots)
Stlth    +.........             (no amulet)
HPRegen  0.09/turn              (no ring)
MPRegen  0.10/turn              (no ring)

@: infused
A: change form in water, swift swim, stealthy swim
a: no special abilities


You were on level 2 of the Dungeon.
You were not hungry.

You visited 1 branch of the dungeon, and saw 2 of its levels.

You collected 18 gold pieces.

Inventory:

Hand Weapons
 a - a +0 spear (weapon)
Armour
 b - a +0 leather armour (worn)
Scrolls
 e - a scroll of magic mapping {unknown}
 f - 3 scrolls of remove curse {unknown}
 g - a scroll of fog {unknown}
 h - a scroll of teleportation {unknown}
Comestibles
 d - 3 rations
 i - 2 chunks of flesh


   Skills:
 + Level 2.5 Fighting
 * Level 4.0 Polearms
 + Level 1.1 Armour
 + Level 3.1 Dodging
 - Level 2.0 Spellcasting
 - Level 3.2 Charms


You had 5 spell levels left.
You knew the following spells:

 Your Spells              Type           Power        Failure   Level  Hunger
a - Infusion              Chrm           #...         9%          1    ##.....

Your spell library contained the following spells:

 Spells                   Type           Power        Failure   Level  Hunger
 Song of Slaying          Chrm           #.......     14%         2    ###....
 Shroud of Golubria       Chrm/Tloc      #.....       26%         2    ###....
 Regeneration             Chrm/Necr      #.........   47%         3    ####...
 Spectral Weapon          Hex/Chrm       #.......     47%         3    ####...


Dungeon Overview and Level Annotations

Branches:
Dungeon (2/15)

Altars:
Kikubaaqudgha


Message History

You barely miss the adder.
The adder is severely wounded.
The adder closely misses you.
You hit the adder!
You kill the adder!
Your Polearms skill increases to level 4!
You have reached level 3!
Your experience leads to an increase in your attributes!
Increase (S)trength, (I)ntelligence, or (D)exterity?
You feel stronger.
You hit the worm.
The worm is lightly wounded.
The worm bites you.
* * * LOW HITPOINT WARNING * * *
You hit the worm.
The worm is moderately wounded.
You hit the worm.
The worm is heavily wounded.
The worm bites you.
You die...

##+.####.####....#.
#................#.
#...#..##........#.
#...#.###........#.
#...(..............
#..........###.....
#..........# .....
##w###.....# .....
#.@..#.....###..... #
######......... ...
##8###8#....w.....
.........#[.....#.
.........#........
.........#......#.
##⌠###8#.+........
.###########.#......#.
.............#........


You could see a worm.

Vanquished Creatures
  An adder (D:2)
  2 worms (D:2)
  A bat (D:2)
  A giant cockroach (D:1)
  A goblin (D:1)
  2 hobgoblins (D:1)
  A kobold (D:1)
  2 frilled lizards
  4 rats
15 creatures vanquished.

Notes
Turn   | Place    | Note
-------+----------+-------------------------------------------
     0 | D:1      | D1HalberdGnoll the Merfolk Skald began the quest for the
                  | Orb.
     0 | D:1      | Reached XP level 1. HP: 16/16 MP: 3/3
   178 | D:1      | Reached XP level 2. HP: 23/23 MP: 5/5
   462 | D:2      | Found an ancient bone altar of Kikubaaqudgha.
   488 | D:2      | Reached skill level 1 in Armour
   494 | D:2      | HP: 1/23 [worm (5)]
   541 | D:2      | Reached skill level 4 in Polearms
   541 | D:2      | Reached XP level 3. HP: 8/28 MP: 1/6
   544 | D:2      | Slain by a worm

Levels and vault maps discovered:
D:1:      tarquinn_simple_flora_water_b, layout_rooms
D:2:      layout_basic, old_standard_altar, lemuel_round_altar,
          serial_corexii_hall, corexii_hall_statues_s, corexii_hall_statues_i,
          corexii_hall_statues_i, corexii_hall_statues_i,
          chequers_hall_statues_corner_a, chequers_hall_statues_y,
          glass_columns_b, nicolae_ru_path_of_blood

Skill      XL: |  1  2 |
---------------+-------+-----
Dodging        | 3 |  3.1
Armour         | 1 |  1.1
Polearms       | 4 |  4.0
Fighting       | |  2.5
Spellcasting   | |  2.0
Charms         | |  3.2

Action                   || total
-------------------------++-------
Melee: Spear             ||    58
 Cast: Infusion          ||     3
  Use: Potion            ||     1
Armor: Leather armour    ||     5
Dodge: Dodged            ||    25

Table legend:
 A = Non-vault XP
 B = Vault XP
 C = Vault XP percentage of total XP
 D = Non-vault monster count
 E = Vault monster count
 F = Vault count percentage of total count
                 A         B        C        D         E       F
            +---------+---------+-------+---------+---------+-------
      Total |      41 |       0 |   0.0 |      15 |       0 |   0.0
            +---------+---------+-------+---------+---------+-------
        D:1 |      13 |       0 |   0.0 |       8 |       0 |   0.0
        D:2 |      28 |       0 |   0.0 |       7 |       0 |   0.0
            +---------+---------+-------+---------+---------+-------
